Map: Blackburn LE

Players

DisK

  • Race: Protoss Protoss

Neeb - Winner!

  • Race: Protoss Protoss

Event: DreamHack SC2 Masters 2021 Summer

VOD

Have the link to the VOD?

Description

Time

  • Played on: June 2, 2021, 4:54 p.m.
  • Length: 12:25

All games in this series

Show
View Real Time Build Order
Export as new Build Order

DisK Protoss 

Build Orders: Blink Stalkers 

Get SALT Encoding   

  12  0:00  Probe  
  13  0:12  Probe  
  14  0:22  Pylon  
  14  0:24  Probe  
  15  0:40  Probe (Chrono Boost), Gateway  
  17  0:50  Probe (Chrono Boost), Assimilator  
  17  0:52  Assimilator  
  17  0:55  Probe (Chrono Boost)  
  18  1:08  Pylon  
  18  1:10  Probe (Chrono Boost)  
  20  1:19  Probe (Chrono Boost)  
  20  1:24  Probe (Chrono Boost)  
  20  1:27  Cybernetics Core  
  21  1:36  Probe  
  22  1:41  Zealot  
  24  1:48  Probe  
  25  2:01  Pylon  
  25  2:17  Nexus  
  25  2:19  Probe  
  25  2:24  Adept (Chrono Boost)  
  27  2:34  Shield Battery  
  27  2:41  Probe  
  28  2:47  Stalker  
  30  2:58  Shield Battery  
  30  3:01  Probe  
  31  3:05  Shield Battery  
  31  3:12  Twilight Council  
  31  3:15  Warp Gate  
  31  3:19  Stalker  
  33  3:21  Probe  
  34  3:33  Probe (Chrono Boost)  
  35  3:34  Probe (Chrono Boost)  
  35  3:38  Gateway  
  36  3:43  Probe (Chrono Boost)  
  36  3:48  Probe (Chrono Boost)  
  37  3:58  Probe  
  37  3:59  Blink (Chrono Boost), Stalker  
  40  4:07  Probe  
  41  4:10  Probe  
  41  4:23  Probe (Chrono Boost)  
  42  4:29  Probe (Chrono Boost), Forge  
  42  4:32  Probe (Chrono Boost)  
  42  4:34  Stalker  
  42  4:36  Probe (Chrono Boost), Sentry  
  42  4:37  Probe (Chrono Boost)  
  49  4:47  Probe  
  49  4:48  Pylon  
  49  4:49  Probe  
  49  4:52  Protoss Ground Weapons Level 1 (Chrono Boost)  
  51  4:57  Assimilator  
  51  4:59  Probe  
  52  5:01  Gateway  
  52  5:04  Probe  
  53  5:11  Probe  
  52  5:21  Stalker x2  
  52  5:22  Probe  
  52  5:23  Probe  
  58  5:30  Nexus  
  58  5:34  Pylon  
  58  5:36  Probe  
  58  5:37  Probe  
  59  5:46  Stalker  
  62  5:50  Probe  
  62  5:52  Probe  
  62  5:53  Stalker  
  62  5:56  Stalker  
  67  6:01  Pylon  
  67  6:02  Probe  
  68  6:04  Probe  
  69  6:14  Probe, Robotics Facility  
  70  6:19  Probe, Pylon  
  70  6:20  Stalker x2  
  70  6:22  Sentry  
  70  6:25  Charge  
  77  6:31  Pylon  
  77  6:35  Probe  
  77  6:37  Probe  
  79  6:50  Stalker x3  
  79  6:52  Shield Battery  
  85  6:54  Shield Battery  
  85  6:55  Probe x2  
  85  7:11  Gateway  
  85  7:12  Probe x2  
  85  7:13  Gateway  
  85  7:16  Gateway  
  85  7:17  Stalker x2  
  85  7:18  Zealot  
  85  7:22  Probe  
  92  7:24  Probe  
  93  7:35  Shield Battery x2  
  93  7:40  Pylon  
  93  7:41  Stalker x2  
  93  7:42  Stalker  
  99  7:45  Probe x2  
  99  7:46  Shield Battery  
  95  7:55  Probe  
  95  7:57  Probe  
  95  8:01  Pylon  
  95  8:05  Stalker x2  
  99  8:06  Photon Cannon  
  99  8:08  Stalker x2  
  99  8:10  Stalker x2  
  99  8:12  Pylon  
  107  8:13  Probe x3  
  110  8:21  Photon Cannon  
  110  8:23  Observer  
  110  8:24  Assimilator  
  110  8:26  Templar Archives  
  111  8:32  Probe x2 (Chrono Boost)  
  105  8:35  Probe (Chrono Boost)  
  105  8:40  Protoss Ground Weapons Level 2 (Chrono Boost)  
  100  8:43  Probe x2 (Chrono Boost)  
  100  8:45  Probe (Chrono Boost)  
  100  8:48  Probe x2 (Chrono Boost)  
  102  8:50  Probe  
  102  8:54  Adept x2  
  109  8:58  Probe x2, Stalker  
  113  9:02  Probe  
  113  9:06  Nexus  
  113  9:08  Pylon  
  114  9:20  Probe x2  
  114  9:21  Probe  
  117  9:25  High Templar x2  
  117  9:26  High Templar x2  
  125  9:31  Gateway  
  125  9:32  Archon x2  
  125  9:33  Gateway  
  125  9:35  Shield Battery  
  125  9:43  Gateway  
  125  9:44  Gateway  
  121  9:48  Zealot x2  
  121  9:50  Assimilator  
  125  9:53  Assimilator  
  125  9:58  Zealot  
  125  9:59  Pylon, Zealot x3  
  133  10:05  Probe x3  
  136  10:18  Zealot  
  136  10:20  High Templar x4, Zealot  
  148  10:27  Archon x2  
  148  10:29  Observer  
  148  10:32  Probe  
  148  10:33  Probe x2  
  152  10:36  Photon Cannon  
  152  10:37  Photon Cannon  
  152  10:39  Photon Cannon  
  152  10:42  Robotics Bay  
  152  10:47  Zealot  
  152  10:48  Zealot x5  
  164  10:53  Pylon  
  164  10:54  Pylon  
  162  11:12  Zealot x3, Pylon  
  162  11:13  Zealot x5  
  174  11:25  Zealot x2  
  168  11:35  Zealot x8  
  159  11:49  Zealot x2  
  161  11:56  Zealot x8  
  129  12:10  Zealot  
  129  12:13  Zealot  
  102  12:17  Zealot x8  
Show
View Real Time Build Order
Export as new Build Order

Neeb Protoss - Winner!

Build Orders: Oracle Opening, Phoenix Opening 

Get SALT Encoding   

  12  0:00  Probe  
  13  0:12  Probe  
  14  0:17  Pylon  
  14  0:24  Probe (Chrono Boost)  
  15  0:36  Probe (Chrono Boost)  
  15  0:39  Gateway  
  16  0:44  Probe (Chrono Boost)  
  16  0:47  Assimilator  
  17  0:51  Probe  
  18  0:58  Assimilator  
  18  1:03  Probe (Chrono Boost)  
  19  1:05  Pylon  
  19  1:12  Probe (Chrono Boost)  
  19  1:17  Probe (Chrono Boost)  
  21  1:26  Cybernetics Core  
  21  1:29  Probe  
  22  1:34  Zealot  
  24  1:41  Probe  
  25  1:55  Probe  
  26  2:04  Stargate, Adept (Chrono Boost)  
  28  2:26  Nexus  
  28  2:33  Pylon  
  28  2:36  Probe  
  29  2:39  Warp Gate  
  29  2:51  Oracle (Chrono Boost)  
  29  2:54  Probe  
  30  3:06  Probe  
  30  3:09  Stalker  
  33  3:14  Shield Battery  
  33  3:17  Shield Battery  
  33  3:21  Probe  
  33  3:26  Phoenix (Chrono Boost)  
  36  3:35  Probe  
  37  3:44  Probe  
  37  3:47  Probe  
  39  3:50  Phoenix  
  41  3:56  Probe (Chrono Boost)  
  43  4:03  Probe (Chrono Boost)  
  43  4:08  Probe (Chrono Boost)  
  44  4:11  Gateway  
  44  4:14  Probe (Chrono Boost)  
  44  4:15  Probe (Chrono Boost), Phoenix  
  48  4:24  Probe  
  49  4:25  Probe  
  49  4:28  Pylon  
  49  4:29  Twilight Council  
  50  4:36  Probe  
  51  4:39  Probe  
  51  4:40  Phoenix  
  51  4:43  Assimilator  
  54  4:48  Probe  
  54  4:51  Gateway  
  54  4:52  Gateway  
  55  4:54  Probe  
  56  5:01  Probe  
  56  5:05  Pylon  
  56  5:06  Phoenix  
  59  5:09  Charge (Chrono Boost)  
  59  5:22  Nexus  
  60  5:28  Probe x2  
  60  5:32  Pylon  
  60  5:33  Phoenix  
  63  5:40  Zealot x2  
  67  5:45  Probe  
  67  5:46  Probe  
  69  5:50  Pylon  
  69  5:52  Forge  
  69  5:58  Probe, Phoenix  
  72  6:06  Zealot  
  72  6:07  Pylon, Sentry  
  72  6:08  Probe  
  72  6:10  Probe  
  78  6:12  Protoss Ground Weapons Level 1 (Chrono Boost)  
  78  6:16  Zealot x2  
  82  6:23  Phoenix (Chrono Boost)  
  85  6:28  Gateway  
  84  6:34  Zealot  
  84  6:35  Zealot  
  88  6:42  Zealot x2  
  88  6:46  Phoenix (Chrono Boost)  
  94  6:48  Probe  
  94  6:49  Probe x2  
  97  6:58  Pylon  
  97  7:01  Probe x2  
  99  7:02  Robotics Facility  
  99  7:11  Probe  
  99  7:13  Probe  
  99  7:14  Zealot x4  
  109  7:23  Probe  
  109  7:24  Pylon  
  109  7:26  Pylon  
  110  7:36  Zealot x3  
  116  7:38  Probe  
  116  7:40  Pylon x2  
  116  7:42  Probe x2  
  115  7:51  Zealot x2  
  115  7:52  Probe  
  115  7:56  Probe x2  
  115  7:58  Assimilator  
  120  7:59  Assimilator  
  120  8:06  Protoss Ground Weapons Level 2 (Chrono Boost)  
  120  8:07  Robotics Bay  
  120  8:09  Gateway  
  120  8:12  Gateway, Assimilator  
  120  8:14  Gateway  
  120  8:17  Gateway  
  120  8:19  Templar Archives  
  120  8:40  Zealot x5, Immortal (Chrono Boost)  
  130  8:45  Pylon  
  132  8:49  Pylon  
  132  8:57  Shield Battery, Extended Thermal Lance  
  132  8:59  Photon Cannon  
  132  9:03  Zealot, Nexus  
  132  9:06  Colossus (Chrono Boost)  
  134  9:10  High Templar x4  
  134  9:15  Archon x2, Pylon  
  146  9:22  Robotics Facility  
  146  9:23  Pylon  
  146  9:28  Probe x3  
  147  9:40  Probe x2  
  147  9:42  Probe  
  147  9:45  Photon Cannon, Colossus (Chrono Boost)  
  149  9:50  High Templar  
  149  9:51  High Templar, Zealot x2  
  164  9:52  Probe  
  164  9:56  Archon  
  164  9:59  Pylon  
  164  10:00  Pylon  
  164  10:02  Pylon  
  164  10:08  Photon Cannon  
  164  10:09  Shield Battery  
  164  10:19  High Templar x2, Zealot  
  176  10:21  Colossus (Chrono Boost)  
  176  10:25  Archon  
  174  10:31  High Templar x2, Zealot x3  
  174  10:35  Archon, Warp Prism (Chrono Boost)  
  184  10:47  Zealot  
  186  10:50  Gateway  
  186  10:52  Gateway  
  186  10:56  Gateway  
  186  10:57  Gateway  
  186  11:00  High Templar  
  186  11:01  High Templar, Zealot x2  
  186  11:02  Zealot  
  196  11:05  Archon  
  196  11:09  Zealot x2  
  191  11:30  High Templar x2  
  191  11:31  Zealot x4  
  193  11:36  Archon  
  175  11:43  High Templar x2  
  175  11:48  Archon  
  175  11:49  Zealot x2  
  177  11:57  Zealot x6  
  181  12:08  Zealot x2  
  149  12:15  Zealot x2  
  135  12:16  Zealot x2  
  135  12:17  Zealot x6  
Tags
 
Add a new tag
Caveats
  • Supply blocks, unpowered buildings, or Contaminate may cause inaccurate times.
  • Supply counts are checked every 10 seconds.